 Dungeon Crawl Stone Soup version 0.26.1-2-gb8aa6d0cf2 (webtiles) character file.

Game seed: 11383361870416373084

123 Ladykiller69 the Chucker (level 5, 0/54 HPs)
             Began as an Ogre Hunter on Mar 17, 2021.
             Slain by an orc
             ... wielding a +0 short sword
              (2 damage)
             ... on level 3 of the Dungeon.
             The game lasted 00:05:26 (2751 turns).

Ladykiller69 the Chucker (Ogre Hunter)              Turns: 2751, Time: 00:05:26

Health: 0/54       AC:  3    Str: 16    XL:     5   Next: 7%
Magic:  5/5        EV: 10    Int: 12    God:
Gold:   64         SH:  0    Dex: 10    Spells: 4/4 levels left

rFire    . . .     SeeInvis .   p - +0 whip (drain)
rCold    . . .     Faith    .   (no shield)
rNeg     . . .     Spirit   .   b - +0 robe
rPois    .         Reflect  .   (helmet restricted)
rElec    .         Harm     .   (no cloak)
rCorr    .         Rampage  .   (gloves unavailable)
Will     .....                  (boots unavailable)
Stlth    +.........             (no amulet)
HPRegen  0.18/turn              (no ring)
MPRegen  0.09/turn              (no ring)

@: no status effects
A: large, unfitting armour, tough skin 1
a: no special abilities


You were on level 3 of the Dungeon.
You visited 1 branch of the dungeon, and saw 3 of its levels.

You collected 64 gold pieces.

Inventory:

Hand Weapons
 j - a +0 club
 p - a +0 whip of draining (weapon)
Missiles
 c - 5 large rocks
 d - a throwing net (quivered)
 k - 3 javelins
 n - 78 stones
Armour
 b - a +0 robe (worn)
Jewellery
 m - an uncursed ring of magical power {unknown}
Scrolls
 a - 3 scrolls of teleportation {unknown}
 e - a scroll of fog {unknown}
 f - 3 scrolls of remove curse {unknown}
 h - 5 scrolls of identify {unknown}
 i - a scroll of random uselessness {unknown}
 o - a scroll of blinking {unknown}
 r - a scroll of enchant weapon {unknown}
 s - a scroll of magic mapping {unknown}
Potions
 g - a potion of curing {unknown}
 l - 2 potions of haste {unknown}
 q - 2 potions of degeneration {unknown}


   Skills:
 + Level 4.0 Fighting
 * Level 2.8 Maces & Flails
 - Level 4.0 Throwing
 + Level 2.7 Dodging
 - Level 0.6 Stealth


You had 4 spell levels left.
You didn't know any spells.
Your spell library was empty.

Dungeon Overview and Level Annotations

Branches:
Dungeon (3/15)

Altars:


Innate Abilities, Weirdness & Mutations

You are too large for most types of armour.
You have tough skin. (AC +1)


Message History

The magic dart hits you.
* * * LOW HITPOINT WARNING * * *
You closely miss the orc wizard.
The orc wizard is almost dead.
The orc hits you but does no damage.
The orc wizard hits you but does no damage.
You miss the orc wizard.
The orc wizard is almost dead.
The orc hits you with a +0 short sword.
* * * LOW HITPOINT WARNING * * *
The orc wizard points at you and mumbles some strange words.
The magic dart hits you.
* * * LOW HITPOINT WARNING * * *
Throw: 2 throwing nets
Press: ? - help, Q - select action, (/) - cycle Shift-Dir - straight line, f - orc wizard
Aim: an orc wizard, wielding a +0 dagger, wearing a cursed +0 robe and carrying a wand of polymorph (6) (almost dead, heavily drained, 53% to hit)
You throw a throwing net.
The throwing net barely misses the orc wizard.
The orc hits you with a +0 short sword.
You die...

..........# ##.#
........#.# ....
#..####.#.# #.##.#
#.. #.#.# # #.#
#.. #.#.# #.#
#.##.. #.#.. #.#
.....####.### #.#
##.###......#
......o@.#........
......o..##.######
##.###...##.#
######.# ..# ###


You could see an orc wizard (drained) and an orc.

Vanquished Creatures
  7 adders
  An ufetubus (D:3)
  An ooze (D:2)
  A worm (D:3)
  A dart slug (D:1)
  4 goblins
  8 hobgoblins
  7 jackals (D:1)
  A quokka (D:2)
  4 bats
  A frilled lizard (D:1)
  9 kobolds
  2 rats
47 creatures vanquished.

Notes
Turn   | Place    | Note
-------+----------+-------------------------------------------
     0 | D:1      | Ladykiller69 the Ogre Hunter began the quest for the Orb.
     0 | D:1      | Reached XP level 1. HP: 22/22 MP: 1/1
   173 | D:1      | Reached XP level 2. HP: 9/29 MP: 2/2
   175 | D:1      | Reached skill level 1 in Maces & Flails
   970 | D:1      | Reached XP level 3. HP: 18/37 MP: 3/3
  2209 | D:2      | Reached XP level 4. HP: 41/46 MP: 4/4
  2733 | D:3      | Reached XP level 5. HP: 35/54 MP: 5/5
  2750 | D:3      | HP: 2/54 [orc wizard/magic dart (5)]
  2751 | D:3      | Slain by an orc

Illustrated notes

Levels and vault maps discovered:
D:1:      evilmike_arrival_crescent, layout_rooms,
          hangedman_decor_diamond_cutter
D:2:      layout_loops_ring, chequers_avenue
D:3:      layout_loops_ring, grunt_temple_overflow_open

Skill      XL: |  1  2  3  4 |
---------------+-------------+-----
Fighting       | 3 4 |  4.0
Maces & Flails | 1 2 |  2.8
Dodging        | 2 |  2.7
Throwing       | |  4.0
Stealth        | |  0.6

Action                   |  1- 3 |  4- 6 || total
-------------------------+-------+-------++-------
Melee: Short sword       |    27 |       ||    27
       Club              |   103 |       ||   103
       Whip              |    11 |    57 ||    68
Throw: Large rock        |     4 |       ||     4
       Stone             |     1 |       ||     1
       Throwing net      |       |     1 ||     1
Armor: Robe              |    44 |    17 ||    61
Dodge: Dodged            |    77 |    26 ||   103
